[Event "ICC tourney 2594 (40 10)"]
[Site "Internet Chess Club"]
[Date "2021.06.05"]
[Round "2"]
[White "ZHU, FLORINA:Florina12345"]
[Black "DINESH, ABINAV:abi2009"]
[Result "0-1"]
[ICCResult "White resigns"]
[WhiteElo "1492"]
[BlackElo "1667"]
[Opening "Scotch game"]
[ECO "C45"]
[NIC "SO.04"]
[Time "13:33:37"]
[PlyCount "122"]
[TimeControl "2400+10"]

1. e4 e5 2. Nf3 Nc6 3. d4 exd4 4. Nxd4 d6 5. Nc3 Nf6 6. Bg5 Be7 7. f4 h6 8.
Bh4 Nxe4 9. Bxe7 Qxe7 10. Nxc6 bxc6 11. Nxe4 Qxe4+ 12. Qe2 Qxe2+ 13. Bxe2
Bf5 14. Kd2 O-O 15. Bf3 Rab8 16. b3 c5 17. Rhe1 Rfe8 18. g4 Bd7 19. h3 a5
20. a4 g6 21. Re3 Rxe3 22. Kxe3 c4 23. Bd5 cxb3 24. Bxb3 Rb4 25. Ra3 Bc6
26. c3 Re4+ 27. Kd3 Rxf4 28. Bd1 Rf1 29. Ke2 Rh1 30. c4 Rh2+ 31. Ke1 Rb2
32. Rb3 Ra2 33. Rb8+ Kg7 34. Rc8 Bxa4 35. Bxa4 Rxa4 36. Rxc7 Rb4 37. Ra7 a4
38. Ra6 Rxc4 39. Rxd6 a3 40. Ra6 Rc3 41. h4 Rg3 42. g5 hxg5 43. hxg5 Rxg5
44. Rxa3 f5 45. Kf2 Rg4 46. Kf3 Kf6 47. Ra6+ Kg5 48. Ra5 Rb4 49. Ra6 Rb3+
50. Kg2 Kh5 51. Rf6 Rb5 52. Kg3 g5 53. Kf3 f4 54. Rf8 Rb3+ 55. Kg2 Kg4 56.
Rg8 f3+ 57. Kg1 Rb1+ 58. Kf2 Rb2+ 59. Kf1 Kf4 60. Kg1 g4 61. Kh1 Kg3 {
White resigns } 0-1

[Event "ICC tourney 2594 (40 10)"]
[Site "Internet Chess Club"]
[Date "2021.06.05"]
[Round "2"]
[White "AYYAPPAN, SANTHOSH:SanthoshA"]
[Black "SKARIAH, ANUSHKA ELIZABETH:kskariah"]
[Result "1-0"]
[ICCResult "Black checkmated"]
[WhiteElo "1708"]
[BlackElo "1465"]
[Opening "French: exchange variation"]
[ECO "C01"]
[NIC "FR.01"]
[Time "13:33:37"]
[PlyCount "143"]
[TimeControl "2400+10"]

1. e4 e6 2. d4 d5 3. exd5 exd5 4. Bd3 Nf6 5. Nf3 Bd6 6. O-O O-O 7. Bg5 Nc6
8. c3 Bg4 9. Nbd2 Re8 10. Qb3 Na5 11. Qa4 b6 12. b4 Nb7 13. Qc6 Rb8 14.
Bxf6 Qxf6 15. Qxd5 c6 16. Qg5 Qxg5 17. Nxg5 g6 18. Nge4 Bf4 19. Nf6+ Kg7
20. Nxe8+ Rxe8 21. Ne4 Bf5 22. Rfe1 Nd8 23. g3 Bc7 24. f4 Ne6 25. Nf2 Bxd3
26. Nxd3 Rd8 27. Ne5 Bxe5 28. fxe5 Rd5 29. Kf2 c5 30. bxc5 bxc5 31. Rad1
cxd4 32. cxd4 h5 33. Ke3 Ng5 34. h4 Ne6 35. Ke4 Rd8 36. d5 Nc5+ 37. Kd4
Ne6+ 38. Kc4 Nf8 39. Kc5 Rc8+ 40. Kb5 Rd8 41. Kc6 Kg8 42. e6 fxe6 43. dxe6
Rxd1 44. Rxd1 Nxe6 45. Kb7 a5 46. Ka6 a4 47. Kb5 Kf7 48. Kxa4 g5 49. Kb5
gxh4 50. gxh4 Kf6 51. Rf1+ Kg6 52. a4 Nc7+ 53. Kb6 Nd5+ 54. Kb7 Ne3 55. Rf3
Nf5 56. Rf4 Kf6 57. a5 Ke5 58. Ra4 Nd6+ 59. Kc6 Ke6 60. a6 Nc8 61. a7 Nxa7+
62. Rxa7 Kf5 63. Rg7 Kf6 64. Rg5 Ke6 65. Rxh5 Kf6 66. Kd6 Kg6 67. Re5 Kh6
68. h5 Kg7 69. Ke7 Kh6 70. Kf7 Kh7 71. Re6 Kh8 72. Rh6# { Black checkmated
} 1-0

[Event "ICC tourney 2594 (40 10)"]
[Site "Internet Chess Club"]
[Date "2021.06.05"]
[Round "2"]
[White "Li, Jingtu Oscar:ZYCON"]
[Black "MISRA, PRAGYAN:SoaringHawk24"]
[Result "1/2-1/2"]
[ICCResult "Game drawn by mutual agreement"]
[WhiteElo "1423"]
[BlackElo "1513"]
[Opening "King's Indian: Zinnowitz variation"]
[ECO "E90"]
[NIC "KI.21"]
[Time "13:33:49"]
[PlyCount "136"]
[TimeControl "2400+10"]

1. d4 Nf6 2. c4 g6 3. Nc3 Bg7 4. e4 d6 5. Nf3 O-O 6. Bg5 Bg4 7. Be2 Bxf3 8.
Bxf3 e5 9. dxe5 dxe5 10. Qxd8 Rxd8 11. Nd5 Nbd7 12. O-O-O c6 13. Nxf6+ Nxf6
14. Rxd8+ Rxd8 15. Rd1 Rxd1+ 16. Kxd1 Nd7 17. b4 Bf8 18. Bd2 c5 19. a3 Nb6
20. Be2 Na4 21. Kc2 Nb6 22. Kb3 Nd7 23. f4 exf4 24. Bxf4 Nf6 25. Bf3 Be7
26. Bg5 Kg7 27. e5 Ng8 28. Bxe7 Nxe7 29. Bxb7 cxb4 30. axb4 f6 31. exf6+
Kxf6 32. c5 Ke6 33. Kc4 Kd7 34. Kb5 Kc7 35. Ka6 Kb8 36. b5 h6 37. Bf3 g5
38. c6 Nc8 39. Bg4 Nb6 40. c7+ Kxc7 41. Kxa7 Nc4 42. Bf3 Nb6 43. Ka6 Nc4
44. h3 Nb6 45. Ka5 Nc4+ 46. Kb4 Ne5 47. Kc5 Nd7+ 48. Kb4 Kb6 49. Bc6 Ne5
50. Kc3 Nxc6 51. bxc6 Kxc6 52. Kd4 Kd6 53. Ke4 Ke6 54. g4 Kf6 55. Kd5 h5
56. Kd6 hxg4 57. hxg4 Kg6 58. Ke6 Kh6 59. Kf6 Kh7 60. Kxg5 Kg7 61. Kf5 Kf7
62. g5 Kg7 63. g6 Kg8 64. Kf6 Kf8 65. Kg5 Kg7 66. Kh5 Kg8 67. Kh6 Kh8 68.
Kh5 Kg8 { Game drawn by mutual agreement } 1/2-1/2

[Event "ICC tourney 2594 (40 10)"]
[Site "Internet Chess Club"]
[Date "2021.06.05"]
[Round "2"]
[White "MOERLIEN, PUWIT SKY:SuperBlueSky"]
[Black "Kumar, Agrim:agrimjax1"]
[Result "1-0"]
[ICCResult "Black checkmated"]
[WhiteElo "1671"]
[BlackElo "1517"]
[Opening "Nimzo-Indian: classical variation"]
[ECO "E32"]
[NIC "NI.24"]
[Time "13:33:47"]
[PlyCount "73"]
[TimeControl "2400+10"]

1. d4 Nf6 2. c4 e6 3. Nc3 Bb4 4. Qc2 O-O 5. e4 d6 6. Bd3 b6 7. e5 dxe5 8.
dxe5 Nfd7 9. Bxh7+ Kh8 10. Be4 c6 11. Qd3 Qh4 12. Nf3 Qg4 13. O-O Bxc3 14.
bxc3 Nc5 15. Qd6 Rg8 16. Bc2 Ba6 17. Ng5 Qh5 18. Qe7 g6 19. Nxf7+ Kg7 20.
Qf6+ Kh7 21. Ng5+ Kh6 22. Nxe6+ Kh7 23. Nf8+ Rxf8 24. Qxf8 Bxc4 25. Re1 a5
26. Ba3 Ncd7 27. Qe7+ Kg8 28. e6 Nc5 29. Qf7+ Kh8 30. Qf8+ Kh7 31. e7 Nbd7
32. Qxa8 Nf6 33. e8=Q Nxe8 34. Qxe8 Bd5 35. Re7+ Kh6 36. Bc1+ g5 37. Qh8# {
Black checkmated } 1-0

[Event "ICC tourney 2594 (40 10)"]
[Site "Internet Chess Club"]
[Date "2021.06.05"]
[Round "2"]
[White "WANG, KEVIN:Deepbrainfinal"]
[Black "CHRISNEY, ADAM RENFRO:arenfroc"]
[Result "0-1"]
[ICCResult "White checkmated"]
[WhiteElo "1448"]
[BlackElo "1749"]
[Opening "Sicilian: Scheveningen (Paulsen), classical variation"]
[ECO "B84"]
[NIC "SI.23"]
[Time "13:33:49"]
[PlyCount "92"]
[TimeControl "2400+10"]

1. e4 c5 2. Nf3 d6 3. d4 cxd4 4. Nxd4 Nf6 5. Nc3 a6 6. Be2 e6 7. Be3 Be7 8.
O-O Qc7 9. f3 e5 10. Nb3 Be6 11. Qd2 Nbd7 12. Rad1 Rc8 13. h3 Nb6 14. Bxb6
Qxb6+ 15. Kh1 O-O 16. Nd5 Bxd5 17. exd5 Nh5 18. Kh2 Bh4 19. f4 Bg3+ 20. Kh1
Bxf4 21. Rxf4 Nxf4 22. Rf1 Qd8 23. Nd4 Qg5 24. Bg4 f5 25. Bd1 g6 26. Nf3
Qg3 27. Re1 Rc5 28. c4 Rxc4 29. Re3 Re4 30. Rc3 Nxh3 31. gxh3 Qxh3+ 32. Nh2
Qh4 33. Bf3 Rd4 34. Qc1 e4 35. Be2 f4 36. Bf1 e3 37. b3 Rd2 38. Bg2 f3 39.
Qg1 fxg2+ 40. Qxg2 Rxg2 41. Kxg2 e2 42. Nf3 Rxf3 43. Kxf3 e1=Q 44. Rc8+ Kg7
45. Rc7+ Kh6 46. Rxb7 Qhe4# { White checkmated } 0-1

[Event "ICC tourney 2594 (40 10)"]
[Site "Internet Chess Club"]
[Date "2021.06.05"]
[Round "2"]
[White "PULLABHOTLA, ABHINAV:Abhinac123"]
[Black "TREUSDELL, ROSS G:IveDoneEnough"]
[Result "0-1"]
[ICCResult "White checkmated"]
[WhiteElo "1565"]
[BlackElo "1682"]
[Opening "Neo-Grünfeld defense"]
[ECO "D70"]
[NIC "KI.80"]
[Time "13:33:47"]
[PlyCount "112"]
[TimeControl "2400+10"]

1. d4 Nf6 2. c4 g6 3. Nf3 d5 4. cxd5 Nxd5 5. e4 Nb6 6. Nc3 Bg7 7. Be3 O-O
8. Be2 Bg4 9. O-O e6 10. h3 Bxf3 11. Bxf3 Nc6 12. Ne2 Nc4 13. b3 Nxe3 14.
fxe3 Qg5 15. Qc1 Rac8 16. e5 Bh6 17. Nf4 Nxd4 18. exd4 Qxf4 19. Qc4 Rcd8
20. Qxc7 Qg3 21. Qc3 Bf4 22. Rad1 f6 23. Rd3 Qh2+ 24. Kf2 fxe5 25. dxe5
Bxe5 26. Qc4 Rxd3 27. Qxd3 Bg3+ 28. Ke2 Bc7 29. Qe4 Qd6 30. Rd1 Qa6+ 31.
Qc4 Qxa2+ 32. Rd2 Qa6 33. Rd7 Qxc4+ 34. bxc4 Bb6 35. Rxb7 Rf7 36. Rxf7 Kxf7
37. Kd3 Ke7 38. Bc6 Kd6 39. Be4 a5 40. h4 a4 41. Kc3 Bc5 42. h5 gxh5 43.
Bxh7 h4 44. Bc2 a3 45. Be4 Ke5 46. Bf3 Kf4 47. Bc6 e5 48. Kc2 e4 49. Be8
Kg3 50. Bc6 e3 51. Kd1 a2 52. Ke2 a1=Q 53. Kd3 Qd4+ 54. Kc2 e2 55. Bd5 e1=Q
56. Bf3 Qdc3# { White checkmated } 0-1

[Event "ICC tourney 2594 (40 10)"]
[Site "Internet Chess Club"]
[Date "2021.06.05"]
[Round "2"]
[White "LI, EMMA:BulbasaurMaster"]
[Black "MOSS, MARVIN:mmoss2932"]
[Result "0-1"]
[ICCResult "White resigns"]
[WhiteElo "1399"]
[BlackElo "1614"]
[Opening "French: Tarrasch, closed variation"]
[ECO "C05"]
[NIC "FR.14"]
[Time "13:33:48"]
[PlyCount "80"]
[TimeControl "2400+10"]

1. e4 e6 2. d4 d5 3. Nd2 Nf6 4. Bd3 dxe4 5. Nxe4 Nbd7 6. Nf3 c5 7. c3 Nxe4
8. Bxe4 Nf6 9. Qc2 Nxe4 10. Qxe4 Be7 11. Be3 Qc7 12. O-O O-O 13. Rad1 Bd7
14. dxc5 Bc6 15. Qg4 Bxf3 16. Qxf3 Bxc5 17. Bxc5 Qxc5 18. Qxb7 Rab8 19. Qa6
Rxb2 20. Rc1 Rd8 21. Qa4 g6 22. Qf4 Rxa2 23. Qb4 Qf5 24. Qb1 Qxb1 25. Rxb1
Rc8 26. Rfc1 a5 27. h3 Rc4 28. Ra1 Rxa1 29. Rxa1 a4 30. Ra3 f5 31. Kf1 e5
32. Ke2 e4 33. Ke3 Kf7 34. f3 Ke6 35. f4 Kd5 36. g3 Kc5 37. g4 Kb5 38. g5
Rc7 39. Kd4 Rd7+ 40. Ke5 Rd3 { White resigns } 0-1

[Event "ICC tourney 2594 (40 10)"]
[Site "Internet Chess Club"]
[Date "2021.06.05"]
[Round "2"]
[White "HEBBAR, ESHAAN:solveur"]
[Black "BONDALAPATI, SRI VIBHAV:Vibhu11"]
[Result "0-1"]
[ICCResult "White resigns"]
[WhiteElo "1677"]
[BlackElo "1482"]
[Opening "QGD semi-Slav"]
[ECO "D43"]
[NIC "SL.06"]
[Time "13:33:44"]
[PlyCount "124"]
[TimeControl "2400+10"]

1. d4 d5 2. c4 e6 3. Nc3 c6 4. Nf3 Nf6 5. Bf4 dxc4 6. a4 Nd5 7. Bd2 a6 8.
e4 Nxc3 9. bxc3 b5 10. Ne5 Bd6 11. Bf4 O-O 12. Bg3 Bb7 13. Qb1 Qa5 14. Qb2
Qc7 15. Rb1 Nd7 16. Nxc4 Bxg3 17. hxg3 Rab8 18. axb5 cxb5 19. Nd2 Nb6 20.
Bd3 Na4 21. Qc2 Qxc3 22. Qxc3 Nxc3 23. Rb3 Na4 24. O-O Rfd8 25. Nf3 Nb6 26.
Rfb1 Bc6 27. Kf1 Na4 28. Ke1 Rbc8 29. Kd2 f5 30. exf5 Bxf3 31. gxf3 Rxd4
32. fxe6 Kf8 33. Rb4 Rcc4 34. R4b3 Nc5 35. Ra3 b4 36. Rab3 Nxb3+ 37. Rxb3
Rc6 38. Ke3 Rdd6 39. Rxb4 Rc3 40. Rd4 Rxd4 41. Kxd4 Ra3 42. f4 Ke7 43. f5
a5 44. f4 a4 45. g4 Ra1 46. Bc2 a3 47. Kc3 Rf1 48. Kb3 Rf3+ 49. Ka2 Rf2 50.
Kb3 a2 51. Kxa2 Rxc2+ 52. Kb3 Rf2 53. Kc3 Rxf4 54. Kd3 Rxg4 55. Ke3 h5 56.
Kf3 Rg5 57. Kf4 Rg1 58. f6+ gxf6 59. Kf3 Rg5 60. Kf4 Kxe6 61. Kf3 Ke5 62.
Ke3 h4 { White resigns } 0-1

[Event "ICC tourney 2594 (40 10)"]
[Site "Internet Chess Club"]
[Date "2021.06.05"]
[Round "2"]
[White "RAVIND G N, RICNESH:RickyCarlsen"]
[Black "LING, CHENXUAN:UnicornMM"]
[Result "0-1"]
[ICCResult "White checkmated"]
[WhiteElo "1700"]
[BlackElo "1045"]
[Opening "QGD"]
[ECO "D52"]
[NIC "SL.03"]
[Time "13:33:46"]
[PlyCount "134"]
[TimeControl "2400+10"]

1. d4 d5 2. c4 c6 3. Nc3 Nf6 4. Nf3 e6 5. Bg5 Nbd7 6. e3 Be7 7. Bd3 dxc4 8.
Bxc4 b5 9. Bd3 Bb7 10. O-O O-O 11. Rc1 h6 12. Bf4 a6 13. h3 Nb6 14. Qe2 Rc8
15. Nd2 Nfd5 16. Be5 f6 17. Bh2 c5 18. dxc5 Bxc5 19. Nce4 Be7 20. Nb3 f5
21. Nec5 Bxc5 22. Nxc5 Qe7 23. Nxb7 Qxb7 24. Bd6 Rfd8 25. Bc5 Rc6 26. Rc2
Rdc8 27. Rfc1 Nd7 28. b4 Nxc5 29. bxc5 Nb4 30. Rc3 Qa7 31. e4 Nxd3 32. Qxd3
Rxc5 33. Qe3 Rxc3 34. Qxa7 Rxc1+ 35. Kh2 R8c6 36. Qa8+ Kh7 37. exf5 exf5
38. Qf8 Rf6 39. Qa3 Rc2 40. Kg1 Rd2 41. Qb3 Rc6 42. Qf3 Rc1+ 43. Kh2 Rc5
44. g4 Rxa2 45. gxf5 Rcc2 46. Qd3 Rxf2+ 47. Kg1 Rfd2 48. Qb1 Rdc2 49. Qd1
b4 50. f6 Rg2+ 51. Kh1 Rh2+ 52. Kg1 Rag2+ 53. Kf1 Rh1+ 54. Kxg2 Rxd1 55. f7
Rd8 56. Kf3 b3 57. Ke3 b2 58. f8=Q Rxf8 59. Kd2 b1=Q 60. h4 Rd8+ 61. Ke2
Qd1+ 62. Ke3 Rd3+ 63. Ke4 Qf3+ 64. Ke5 Rd5+ 65. Ke6 Qf5+ 66. Ke7 Rd7+ 67.
Ke8 Qf7# { White checkmated } 0-1

[Event "ICC tourney 2594 (40 10)"]
[Site "Internet Chess Club"]
[Date "2021.06.05"]
[Round "2"]
[White "WANG, TED:tedwpnw"]
[Black "RAMASWAMY, PUDUR:clair"]
[Result "1/2-1/2"]
[ICCResult "Game drawn by mutual agreement"]
[WhiteElo "1512"]
[BlackElo "1785"]
[Opening "Robatsch defense: three pawns attack"]
[ECO "B06"]
[NIC "KF.05"]
[Time "13:33:48"]
[PlyCount "71"]
[TimeControl "2400+10"]

1. e4 g6 2. d4 Bg7 3. f4 d5 4. e5 Nh6 5. Nf3 f6 6. Bd3 Bf5 7. O-O O-O 8. c4
c5 9. cxd5 cxd4 10. Bc4 fxe5 11. fxe5 Nf7 12. Nxd4 Nxe5 13. Bb3 Qb6 14. Be3
Ng4 15. Nxf5 Nxe3 16. Nxe3 Qxe3+ 17. Kh1 Nd7 18. Re1 Qf4 19. d6+ e6 20.
Bxe6+ Kh8 21. Nd2 Qxd6 22. Nc4 Qxd1 23. Raxd1 Nc5 24. Bh3 Rf4 25. b3 Rh4
26. Nd6 Rf8 27. Re7 Rd4 28. Ree1 Kg8 29. Rxd4 Bxd4 30. g3 Nd3 31. Be6+ Kg7
32. Re2 Rf1+ 33. Kg2 Rg1+ 34. Kf3 Nc5 35. Bd5 b6 36. b4 { Game drawn by
mutual agreement } 1/2-1/2

[Event "ICC tourney 2594 (40 10)"]
[Site "Internet Chess Club"]
[Date "2021.06.05"]
[Round "2"]
[White "KUNAMNENI, MEGHANA:msk2018"]
[Black "KASHYAP, MAHATI B:mnm1"]
[Result "0-1"]
[ICCResult "White forfeits on time"]
[WhiteElo "1437"]
[BlackElo "1560"]
[Opening "Réti opening"]
[ECO "A05"]
[NIC "QP.11"]
[Time "13:33:51"]
[PlyCount "62"]
[TimeControl "2400+10"]

1. Nf3 Nf6 2. g3 d5 3. Bg2 Bf5 4. O-O e6 5. d3 Nc6 6. b3 Bc5 7. Bb2 O-O 8.
e3 Re8 9. Nbd2 e5 10. Rc1 d4 11. exd4 exd4 12. Re1 Qd6 13. Nc4 Qd7 14. Nfe5
Nxe5 15. Nxe5 Qb5 16. Qf3 Bc8 17. Qf4 Bb4 18. c3 dxc3 19. Bxc3 Bxc3 20.
Rxc3 c6 21. Be4 Rxe5 22. Bxh7+ Kxh7 23. Rxe5 Qb6 24. Qh4+ Kg8 25. Rc1 Be6
26. Rg5 g6 27. Re1 Re8 28. Qh6 Qb4 29. Ree5 Qf8 30. Qxf8+ Kxf8 31. Re1 Bf5
{ White forfeits on time } 0-1

[Event "ICC tourney 2594 (40 10)"]
[Site "Internet Chess Club"]
[Date "2021.06.05"]
[Round "2"]
[White "DATTA, GAURAV D:Geebz76"]
[Black "THAIN, JACK:jt1819"]
[Result "1/2-1/2"]
[ICCResult "Black stalemated"]
[WhiteElo "1462"]
[BlackElo "1733"]
[Opening "Réti opening"]
[ECO "A11"]
[NIC "RE.06"]
[Time "13:33:49"]
[PlyCount "133"]
[TimeControl "2400+10"]

1. Nf3 c6 2. c4 d5 3. g3 Nf6 4. Bg2 Bf5 5. O-O e6 6. cxd5 cxd5 7. Nh4 Bxb1
8. Rxb1 Be7 9. b3 Nc6 10. Bb2 O-O 11. d4 Qa5 12. a3 Rac8 13. b4 Qb6 14. Nf3
a5 15. bxa5 Qxa5 16. e3 Ne4 17. Bc1 Nc3 18. Bd2 Nxd1 19. Bxa5 Nxe3 20. fxe3
Nxa5 21. Rb5 Nc4 22. Rxb7 Bxa3 23. Ng5 Nxe3 24. Rfxf7 Rxf7 25. Nxf7 Rc1+
26. Kf2 Nxg2 27. Kxg2 Rc4 28. Ng5 g6 29. Nxe6 Rc2+ 30. Kh3 Re2 31. Nf4 Rd2
32. Nxd5 Rxd4 33. Nf6+ Kf8 34. Nxh7+ Kg8 35. Nf6+ Kf8 36. Nd7+ Ke8 37. Ne5
g5 38. Rb8+ Rd8 39. Rxd8+ Kxd8 40. Kg4 Ke7 41. Kxg5 Ke6 42. Nf3 Bc1+ 43.
Kg4 Kf6 44. h3 Kg6 45. h4 Be3 46. h5+ Kh6 47. Nh4 Bf2 48. Nf5+ Kh7 49. Kf3
Be1 50. g4 Bd2 51. Ne3 Kh6 52. Nf5+ Kg5 53. Ng3 Bc1 54. Ne4+ Kh6 55. Kg3
Ba3 56. Kf4 Bc1+ 57. Kf5 Be3 58. Nd6 Bc1 59. Nf7+ Kg7 60. Ne5 Kh6 61. Nd3
Bd2 62. Nf4 Bc1 63. g5+ Kg7 64. Ne6+ Kg8 65. Kg6 Kh8 66. Kf7 Bxg5 67. Nxg5
{ Black stalemated } 1/2-1/2

[Event "ICC tourney 2594 (40 10)"]
[Site "Internet Chess Club"]
[Date "2021.06.05"]
[Round "2"]
[White "SULTAN, BASHIR Cisse:muzikmixer"]
[Black "CAO, RAY:rcww2020"]
[Result "1-0"]
[ICCResult "Black forfeits on time"]
[WhiteElo "1558"]
[BlackElo "1675"]
[Opening "English opening"]
[ECO "A21"]
[NIC "EO.22"]
[Time "13:33:39"]
[PlyCount "107"]
[TimeControl "2400+10"]

1. c4 e5 2. Nc3 d6 3. d4 exd4 4. Qxd4 Nc6 5. Qd2 Nf6 6. e4 Be7 7. Bd3 O-O
8. Nge2 Ne5 9. O-O Be6 10. b3 c6 11. Bb2 Nfg4 12. h3 Nxd3 13. Qxd3 Ne5 14.
Qd2 Nd7 15. Nf4 Qc7 16. Ncd5 cxd5 17. cxd5 Bxh3 18. Nxh3 Ne5 19. Bxe5 dxe5
20. Rac1 Qd7 21. Ng5 h6 22. Nf3 Bd6 23. Nh4 Be7 24. Nf3 Bf6 25. Rc4 Rac8
26. Rfc1 Rxc4 27. Rxc4 Rd8 28. Qc2 Qd6 29. Rc7 Qb6 30. Qc5 Qxc5 31. Rxc5
Rd7 32. Rc8+ Kh7 33. Kf1 g6 34. Ke2 Kg7 35. Kd3 g5 36. g4 Kg6 37. b4 Bg7
38. b5 f6 39. Nd2 Kf7 40. Nc4 Bf8 41. a4 b6 42. Rc6 Bc5 43. a5 Bxf2 44.
axb6 axb6 45. Nxb6 Rb7 46. Nc4 Ke7 47. b6 Bd4 48. d6+ Kd7 49. Rc7+ Rxc7 50.
bxc7 Bc5 51. Kc2 Bf2 52. Kb3 Bc5 53. Ka4 Bf2 54. Kb5 { Black forfeits on
time } 1-0

[Event "ICC tourney 2594 (40 10)"]
[Site "Internet Chess Club"]
[Date "2021.06.05"]
[Round "2"]
[White "KASHYAP, MANISH B:mnm2"]
[Black "VALE CRUZ, ARMIN:trucker"]
[Result "0-1"]
[ICCResult "White resigns"]
[WhiteElo "1609"]
[BlackElo "1727"]
[Opening "Scotch game"]
[ECO "C45"]
[NIC "SO.05"]
[Time "13:33:46"]
[PlyCount "92"]
[TimeControl "2400+10"]

1. e4 e5 2. Nf3 Nc6 3. d4 exd4 4. Nxd4 Bc5 5. Be3 Nxd4 6. Bxd4 Bxd4 7. Qxd4
Qf6 8. e5 Qb6 9. Qxb6 axb6 10. Nc3 Ne7 11. O-O-O Ng6 12. Bc4 Ra5 13. Nb5
O-O 14. Rhe1 Re8 15. Nxc7 Rexe5 16. Rxe5 Rxe5 17. Nd5 Kf8 18. Nxb6 Rc5 19.
Bb3 Ke7 20. Rd5 Rc6 21. Rb5 f6 22. Bd5 Kd8 23. Bxc6 dxc6 24. Rh5 h6 25.
Nxc8 Kxc8 26. g3 Kd7 27. Kd2 Ke6 28. Ra5 Ne5 29. Kc3 Kd6 30. f4 Ng4 31. h3
Nf2 32. h4 Ne4+ 33. Kd4 Nxg3 34. c4 g6 35. Kd3 h5 36. Ra8 Nf5 37. Rb8 Nxh4
38. Rxb7 Ng2 39. Ke4 g5 40. fxg5 fxg5 41. Kf3 Nf4 42. a4 c5 43. a5 Kc6 44.
Rb3 Ne6 45. a6 Nd4+ 46. Ke3 Nxb3 { White resigns } 0-1

[Event "ICC tourney 2594 (40 10)"]
[Site "Internet Chess Club"]
[Date "2021.06.05"]
[Round "3"]
[White "Musku, Himani:Chess121"]
[Black "HEBBAR, ESHAAN:solveur"]
[Result "0-1"]
[ICCResult "White checkmated"]
[WhiteElo "1469"]
[BlackElo "1677"]
[Opening "Queen's pawn"]
[ECO "A40"]
[NIC "QO.17"]
[Time "15:32:46"]
[PlyCount "58"]
[TimeControl "2400+10"]

1. d4 c6 2. c3 Nf6 3. Bf4 d5 4. e3 Bf5 5. Bd3 Bxd3 6. Qxd3 e6 7. Nd2 Bd6 8.
Bg3 Qc7 9. Ngf3 Nbd7 10. e4 Bxg3 11. hxg3 dxe4 12. Nxe4 Nxe4 13. Qxe4 O-O-O
14. Rxh7 Nf6 15. Qe5 Qxe5+ 16. Nxe5 Rxh7 17. Nxf7 Rh1+ 18. Kd2 Rxa1 19.
Nxd8 Kxd8 20. a3 Rg1 21. Ke3 Rxg2 22. Kf3 Rg1 23. Ke2 Rb1 24. b4 Rb3 25.
Kd3 Nd5 26. Ke4 Nxc3+ 27. Ke5 Ke7 28. f4 Nd5 29. f5 Re3# { White checkmated
} 0-1

[Event "ICC tourney 2594 (40 10)"]
[Site "Internet Chess Club"]
[Date "2021.06.05"]
[Round "3"]
[White "GRESEN, EVAN MICHAEL:EVMIGR"]
[Black "NISONOFF, ROBERT:Fizz44"]
[Result "1-0"]
[ICCResult "Black checkmated"]
[WhiteElo "1628"]
[BlackElo "1751"]
[Opening "Caro-Kann defense"]
[ECO "B10"]
[NIC "CK.01"]
[Time "15:32:55"]
[PlyCount "49"]
[TimeControl "2400+10"]

1. e4 c6 2. f4 d6 3. Nf3 Nd7 4. d4 Qc7 5. Nc3 g6 6. Bc4 h6 7. Be3 Bg7 8.
Qd2 Ngf6 9. h3 e5 10. fxe5 dxe5 11. O-O-O g5 12. h4 g4 13. Nxe5 Nxe5 14.
dxe5 Nh5 15. Rhf1 Be6 16. Bxe6 fxe6 17. Qd6 Qxd6 18. exd6 O-O-O 19. Bxa7
Ng3 20. Rf7 Rd7 21. Rxd7 Kxd7 22. Na4 e5 23. Nc5+ Kc8 24. d7+ Kc7 25. Ne6#
{ Black checkmated } 1-0

[Event "ICC tourney 2594 (40 10)"]
[Site "Internet Chess Club"]
[Date "2021.06.05"]
[Round "3"]
[White "ZHANG, FRED:Fredzhang"]
[Black "Mehta, Vishal:mehtvi2"]
[Result "0-1"]
[ICCResult "White checkmated"]
[WhiteElo "1570"]
[BlackElo "1899"]
[Opening "KP: Colorado counter"]
[ECO "B00"]
[NIC "VO.05"]
[Time "15:32:35"]
[PlyCount "46"]
[TimeControl "2400+10"]

1. e4 Nc6 2. Nf3 f5 3. Nc3 fxe4 4. Nxe4 d5 5. Ng3 Nf6 6. d4 Bg4 7. c3 e5 8.
Bb5 e4 9. Bxc6+ bxc6 10. Qe2 Be7 11. O-O exf3 12. gxf3 Bd7 13. Bg5 O-O 14.
Rfe1 Bd6 15. Bxf6 Qxf6 16. Kg2 Rae8 17. Qd3 Qh4 18. Rxe8 Rxe8 19. b3 h5 20.
Rh1 Bh3+ 21. Kg1 Re1+ 22. Qf1 Bxf1 23. Nxf1 Qg5# { White checkmated } 0-1

[Event "ICC tourney 2594 (40 10)"]
[Site "Internet Chess Club"]
[Date "2021.06.05"]
[Round "3"]
[White "Manley, Nicholas:NickManley1987"]
[Black "JIN, DAVID:smartgoldfish"]
[Result "0-1"]
[ICCResult "White resigns"]
[WhiteElo "1366"]
[BlackElo "1461"]
[Opening "Sicilian: Smith-Morra gambit"]
[ECO "B21"]
[NIC "SI.48"]
[Time "15:32:45"]
[PlyCount "41"]
[TimeControl "2400+10"]

1. e4 c5 2. d4 cxd4 3. c3 dxc3 4. Nxc3 d6 5. Nf3 Nf6 6. Bc4 e6 7. Bf4 Be7
8. Qe2 Nc6 9. O-O O-O 10. Rfd1 a6 11. Bxd6 Bxd6 12. e5 Nxe5 13. Nxe5 Qc7
14. f4 b5 15. Bb3 Bb7 16. Rac1 Qb6+ 17. Kh1 Rad8 18. Rd2 Bxe5 19. fxe5 Rxd2
20. Qxd2 Ng4 21. h3 { White resigns } 0-1

[Event "ICC tourney 2594 (40 10)"]
[Site "Internet Chess Club"]
[Date "2021.06.05"]
[Round "3"]
[White "Kumar, Agrim:agrimjax1"]
[Black "KASHYAP, MANISH B:mnm2"]
[Result "0-1"]
[ICCResult "White checkmated"]
[WhiteElo "1517"]
[BlackElo "1609"]
[Opening "Sicilian"]
[ECO "B56"]
[NIC "SI.25"]
[Time "15:32:55"]
[PlyCount "68"]
[TimeControl "2400+10"]

1. e4 c5 2. Nf3 d6 3. d4 cxd4 4. Nxd4 Nf6 5. Nc3 Nc6 6. Be3 Ng4 7. Bc1 Qb6
8. Nce2 e5 9. f3 Nf2 10. Kxf2 exd4 11. Ke1 Be7 12. b3 O-O 13. Bb2 Bf6 14.
h4 d3 15. Nc3 Qe3+ 16. Be2 dxe2 17. Qxe2 Bxc3+ 18. Bxc3 Qxc3+ 19. Kf2 Nd4
20. Qf1 Qxc2+ 21. Kg3 f5 22. Rc1 Ne2+ 23. Kh2 Nxc1 24. Qb5 fxe4 25. Qd5+
Kh8 26. Qxd6 Bf5 27. fxe4 Bxe4 28. Rg1 Ne2 29. Rd1 Nf4 30. Rg1 Bxg2 31. Kg3
Rae8 32. Kg4 Qf5+ 33. Kg3 Qh3+ 34. Kf2 Nd3# { White checkmated } 0-1

[Event "ICC tourney 2594 (40 10)"]
[Site "Internet Chess Club"]
[Date "2021.06.05"]
[Round "3"]
[White "TREUSDELL, ROSS G:IveDoneEnough"]
[Black "AMBATI, JASWANT REDDY:AJRChess2011"]
[Result "1-0"]
[ICCResult "Black resigns"]
[WhiteElo "1682"]
[BlackElo "1510"]
[Opening "Sicilian defense"]
[ECO "B33"]
[NIC "SI.34"]
[Time "15:32:32"]
[PlyCount "37"]
[TimeControl "2400+10"]

1. e4 c5 2. Nf3 Nc6 3. d4 cxd4 4. Nxd4 Nf6 5. Nc3 g6 6. Nxc6 bxc6 7. e5 Ng8
8. Bc4 Bg7 9. Bf4 Qa5 10. O-O Bxe5 11. Bxe5 Qxe5 12. Re1 Qf5 13. Ne4 Kf8
14. Qd4 f6 15. Ng3 Qg5 16. Bb3 h5 17. h4 Qb5 18. Qe4 e5 19. Qxg6 { Black
resigns } 1-0

[Event "ICC tourney 2594 (40 10)"]
[Site "Internet Chess Club"]
[Date "2021.06.05"]
[Round "3"]
[White "TREY, JUSTIN:Justin-T"]
[Black "DATTA, GAURAV D:Geebz76"]
[Result "1-0"]
[ICCResult "Black resigns"]
[WhiteElo "1695"]
[BlackElo "1462"]
[Opening "QGD: exchange variation"]
[ECO "D35"]
[NIC "QO.16"]
[Time "15:32:41"]
[PlyCount "105"]
[TimeControl "2400+10"]

1. d4 d5 2. c4 e6 3. Nc3 Nf6 4. cxd5 Nxd5 5. e4 Nxc3 6. bxc3 c5 7. Rb1 cxd4
8. cxd4 Qa5+ 9. Qd2 Qxd2+ 10. Bxd2 Nc6 11. Nf3 Be7 12. Bc4 O-O 13. O-O b6
14. d5 exd5 15. exd5 Na5 16. Bxa5 bxa5 17. d6 Bxd6 18. Rfd1 Rb8 19. Rxb8
Bxb8 20. Ng5 Bc7 21. Nxf7 Rxf7 22. Bxf7+ Kxf7 23. Rc1 Bb6 24. Rxc8 g6 25.
Kf1 Kg7 26. f3 Kh6 27. Ke2 Kg5 28. g3 h5 29. h3 Kf5 30. Rf8+ Kg5 31. f4+
Kh6 32. Kf3 Kg7 33. Rc8 Kh6 34. g4 hxg4+ 35. hxg4 Kg7 36. a4 Kf6 37. Ke4
Ke6 38. Ra8 Kf6 39. Rc8 Ke6 40. g5 Kf7 41. Rc6 Kg7 42. f5 gxf5+ 43. Kxf5
Kf7 44. g6+ Kg7 45. Rf6 Kg8 46. Rf7 Bd4 47. Rd7 Bc3 48. Rxa7 Kf8 49. Rf7+
Kg8 50. Rc7 Bb2 51. g7 Bxg7 52. Kg6 Bf8 53. Rc8 { Black resigns } 1-0